 Dungeon Crawl Stone Soup version 0.30.1-11-g7821555f0a (webtiles) character file.

Game seed: 12438547339061994479

60 mageguru the Chopper (level 4, 0/45 HPs)
             Began as an Ogre Gladiator on Nov 20, 2023.
             Slain by a gnoll
             ... wielding a +0 flail
              (7 damage)
             ... on level 3 of the Dungeon.
             The game lasted 00:07:56 (1957 turns).

mageguru the Chopper (Ogre Gladiator)               Turns: 1957, Time: 00:07:56

Health: 0/45       AC:  5    Str: 20    XL:     4   Next: 4%
Magic:  4/4        EV: 10    Int:  9    God:
Gold:   108        SH:  0    Dex: 10    Spells: 3/3 levels left

rFire   + . .        p - +2 dagger (speed)
rCold   x . .        (no shield)
rNeg    . . .        b - +0 robe
rPois   .            s - +2 hat {Will+}
rElec   .            u - scarf {harm}
rCorr   .            (gloves unavailable)
SInv    +            (boots unavailable)
Will    +....        (no amulet)
Stlth   +            q - ring of see invisible
HPRegen 0.27/turn    r - ring of fire
MPRegen 0.09/turn

%: harm (+30% outgoing, +20% incoming)
@: no status effects
A: large, unfitting armour, tough skin 1
a: no special abilities


You were on level 3 of the Dungeon.
You visited 1 branch of the dungeon, and saw 3 of its levels.

You collected 108 gold pieces.

Inventory:

Hand Weapons
 a - a +0 war axe
 p - a +2 dagger of speed (weapon)
Missiles
 d - 3 throwing nets (quivered)
 e - a large rock
Armour
 b - a +0 robe (worn)
 c - a +0 hat
 f - a +0 buckler
 g - a +0 leather armour
 h - a +1 ring mail of poison resistance
 o - a +0 chain mail
 s - a +2 hat of willpower (worn)
 u - a scarf of harm (worn)
Jewellery
 q - a ring of see invisible (left hand)
 r - a ring of fire (right hand)
Scrolls
 i - 2 scrolls of torment {unknown}
 j - a scroll of teleportation {unknown}
 k - 3 scrolls of enchant weapon {unknown}
 m - a scroll of silence {unknown}
 n - a scroll of magic mapping {unknown}
 t - 2 scrolls of enchant armour {unknown}
Potions
 l - a potion of heal wounds {unknown}


   Skills:
 + Level 3.5 Fighting
 + Level 0.2 Short Blades
 + Level 3.8 Axes
 + Level 2.0 Throwing
 + Level 3.2 Dodging
 + Level 0.1 Stealth


You had 3 spell levels left.
You didn't know any spells.
Your spell library was empty.

Dungeon Overview and Level Annotations

Branches:
Dungeon (3/15)

Altars:


Innate Abilities, Weirdness & Mutations

You are too large for most types of armour.
You have tough skin. (AC +1)


Message History

An endoplasm comes into view.
The endoplasm quivers.
The endoplasm closely misses you.
You barely miss the endoplasm. The endoplasm hits you.
You hit the endoplasm.
The endoplasm is heavily wounded.
You hit the endoplasm.
You kill the endoplasm!
HP restored.
A gnoll comes into view. It is wielding a +0 spear.
The gnoll shouts!
You hear a shout! x2
A gnoll comes into view. It is wielding a +0 flail.
A gnoll and a goblin come into view.
The gnoll shouts!
The goblin shouts!
The gnoll shouts!
The gnoll moves out of view.
An orc comes into view. It is wielding a +0 short sword.
You barely miss the gnoll.
The orc shouts!
The gnoll hits you with a +0 spear!
You hit the gnoll.
The gnoll is lightly wounded.
You hit the gnoll.
The gnoll is moderately wounded.
The gnoll hits you with a +0 flail. The gnoll hits you but does no damage.
You closely miss the gnoll.
The gnoll is moderately wounded.
The gnoll hits you with a +0 spear. The goblin hits you but does no damage.
The gnoll hits you with a +0 flail!
You are too injured to fight recklessly!
You are too injured to fight recklessly!
You are too injured to fight recklessly!
You are too injured to fight recklessly!
You are too injured to fight recklessly!
You are too injured to fight recklessly!
You are too injured to fight recklessly!
You are too injured to fight recklessly!
The goblin closely misses you. The gnoll hits you with a +0 spear!
* * * LOW HITPOINT WARNING * * *
The gnoll attacks as you move away! The gnoll hits you with a +0 flail.
You die...

...#######
#...g.g.########
#g@.......#
#g.######.# #..#
#.# #.o# ##.##
.... #...# ###
....#. #...# ...
.#..##. #...#
#.# ##.### #
##.## #####.####
#...#


You could see 3 gnolls, an orc and a goblin.

Vanquished Creatures
  A worm (D:2)
  5 dart slugs
  7 ball pythons
  2 bats
  5 endoplasms
  5 giant cockroaches
  4 hobgoblins
  3 jackals (D:1)
  2 kobolds (D:2)
  4 frilled lizards
  3 goblins
  2 rats
43 creatures vanquished.

Notes
Turn   | Place    | Note
-------+----------+-------------------------------------------
     0 | D:1      | mageguru the Ogre Gladiator began the quest for the Orb.
     0 | D:1      | Reached XP level 1. HP: 22/22 MP: 1/1
   165 | D:1      | Reached XP level 2. HP: 29/29 MP: 2/2
   521 | D:1      | Reached XP level 3. HP: 36/37 MP: 3/3
  1666 | D:2      | Reached XP level 4. HP: 45/45 MP: 4/4
  1957 | D:3      | Slain by a gnoll

Illustrated notes

Levels and vault maps discovered:
D:1:      minmay_arrival_wavy_path, layout_basic, minivault_27
D:2:      layout_basic
D:3:      layout_loops_cross, nicolae_overflow_hidden_temple,
          gammafunk_temple_overflow_elements

Skill      XL: |  1  2 |
---------------+-------+-----
Fighting       | 3 |  3.5
Dodging        | 3 |  3.2
Short Blades   | |  0.2
Axes           | |  3.8
Throwing       | |  2.0
Stealth        | |  0.1

Action                     |  1- 3 |  4- 6 || total
---------------------------+-------+-------++-------
  Melee: War axe           |    78 |       ||    78
         Dagger            |    26 |     8 ||    34
   Stab: Sleeping          |     1 |       ||     1
 Armour: Robe              |    26 |     2 ||    28
  Dodge: Dodged            |    77 |     2 ||    79
